 Dungeon Crawl Stone Soup version 0.26-a0-20-g5f92b90fa0 (webtiles) character file.

Game seed: 16611185959268332986, levelgen mode: deterministic

2 Esekla the Magician (level 1, 0/10 HPs)
             Began as a Deep Elf Wanderer on May 25, 2020.
             Slain by a bat (1 damage)
             ... on level 1 of the Dungeon.
             The game lasted 00:01:54 (148 turns).

Esekla the Magician (Deep Elf Wanderer)              Turns: 148, Time: 00:01:54

Health: 0/10       AC:  2    Str: 11    XL:     1   Next: 33%
Magic:  8/8        EV: 11    Int: 13    God:
Gold:   23         SH:  0    Dex: 15    Spells: 8/9 levels left

rFire    . . .     SeeInvis .   a - +0 dagger
rCold    . . .     Gourm    .   (no shield)
rNeg     . . .     Faith    .   d - +0 robe
rPois    .         Spirit   .   (no helmet)
rElec    .         Reflect  .   (no cloak)
rCorr    .         Harm     .   (no gloves)
MR       .....                  (no boots)
Stlth    +.........             (no amulet)
HPRegen  0.03/turn              (no ring)
MPRegen  0.11/turn              (no ring)

@: no status effects
A: no striking features
a: no special abilities


You were on level 1 of the Dungeon.
You were not hungry.

You visited 1 branch of the dungeon, and saw 1 of its levels.

You collected 23 gold pieces.

Inventory:

Hand Weapons
 a - a +0 dagger (weapon)
Armour
 d - a +0 robe (worn)
Scrolls
 b - a scroll of teleportation {unknown}
 e - a scroll of amnesia {unknown}
Potions
 c - a potion of curing
Comestibles
 f - a ration


   Skills:
 + Level 4.6 Spellcasting
   Level 2.1 Summonings
   Level 1.1 Translocations
   Level 2.1 Fire Magic
   Level 2.1 Evocations


You had 8 spell levels left.
You knew the following spells:

 Your Spells              Type           Power        Failure   Level  Hunger
a - Sting                 Tmut/Pois      #...         21%         1    None

Your spell library contained the following spells:

 Spells                   Type           Power        Failure   Level  Hunger
 Blink                    Tloc           N/A          19%         2    ##.....
 Shroud of Golubria       Chrm/Tloc      #.....       24%         2    ##.....
 Gell's Gravitas          Tloc           #.........   36%         3    ###....
 Lesser Beckoning         Tloc           #.........   36%         3    ###....
 Teleport Other           Tloc           #.......     36%         3    ###....
 Spider Form              Tmut/Pois      #.........   52%         3    ###....
 Passage of Golubria      Tloc           N/A          77%         4    ####...


Dungeon Overview and Level Annotations

Branches:
Dungeon (1/15)

Altars:


Message History

You barely miss the bat.
The bat is severely wounded.
The bat hits you. The bat closely misses you.
You closely miss the bat.
The bat is severely wounded.
The bat barely misses you.
The jackal bites you but does no damage.
The jackal bites you.
* * * LOW HITPOINT WARNING * * *
The bat barely misses you.
The jackal bites you but does no damage.
The bat hits you.
* * * LOW HITPOINT WARNING * * *
The bat closely misses you. The bat barely misses you.
Found a ration.
The bat completely misses you.
You miss the bat.
The bat is severely wounded.
The bat hits you.
You die...

### #.# ##### #..
#.b.############.#
#@#..............#
#.#..#........####
#.#..#.######.#
#.####.# #.# . #..
..# #+# ## #..
...# .h. .
+%..(... .....##
#....... ...hh..
....... ...#...##


You could see a bat.

Vanquished Creatures
  A hobgoblin (D:1)
  A bat (D:1)
  A kobold (D:1)
3 creatures vanquished.

Notes
Turn   | Place    | Note
-------+----------+-------------------------------------------
     0 | D:1      | Esekla the Deep Elf Wanderer began the quest for the Orb.
     0 | D:1      | Esekla set off with the following items: a +0 dagger, a
                  | potion of curing, a +0 robe, a ration; and the following
                  | spell memorised: Sting; and the following spells available
                  | to memorise: Blink, Shroud of Golubria, Gell's Gravitas,
                  | Lesser Beckoning, Teleport Other, Spider Form, Passage of
                  | Golubria
     0 | D:1      | Reached XP level 1. HP: 10/10 MP: 7/7
   148 | D:1      | Slain by a bat

Illustrated notes

Levels and vault maps discovered:
D:1:      beargit_arrival_greenhouse, layout_basic

Action                   || total
-------------------------++-------
Melee: Dagger            ||    18
 Cast: Sting             ||     1
Armor: Robe              ||    11
Dodge: Dodged            ||    20

Table legend:
 A = Non-vault XP
 B = Vault XP
 C = Vault XP percentage of total XP
 D = Non-vault monster count
 E = Vault monster count
 F = Vault count percentage of total count
                 A         B        C        D         E       F
            +---------+---------+-------+---------+---------+-------
      Total |       4 |       0 |   0.0 |       3 |       0 |   0.0
            +---------+---------+-------+---------+---------+-------
        D:1 |       4 |       0 |   0.0 |       3 |       0 |   0.0
            +---------+---------+-------+---------+---------+-------
